 Dungeon Crawl Stone Soup version 0.29.1-13-g9f3cf754e1 (webtiles) character file.

Game seed: 9284092661851013047

235 KittyFluff the Trooper (level 6, -2/58 HPs)
             Began as a Gargoyle Berserker on Feb 7, 2023.
             Was a Believer of Trog.
             Slain by a wight
             ... wielding a +2 morningstar
              (7 damage)
             ... on level 5 of the Dungeon.
             The game lasted 00:11:01 (3515 turns).

KittyFluff the Trooper (Gargoyle Berserker)         Turns: 3515, Time: 00:11:01

Health: -2/58      AC:  9    Str: 21    XL:     6   Next: 6%
Magic:  6/6        EV: 12    Int:  7    God:    Trog [**....]
Gold:   192        SH:  0    Dex: 11    Spells: 5/5 levels left

rFire   . . .      SeeInvis .   a - +0 mace
rCold   . . .      Faith    .   (no shield)
rNeg    + . .      Spirit   .   t - +0 leather armour
rPois   ∞          Reflect  .   w - +0 helmet
rElec   +          Harm     .   (no cloak)
rCorr   .          Rampage  .   (no gloves)
Will    .....                   (no boots)
Stlth   ..........              (no amulet)
HPRegen 0.19/turn               (no ring)
MPRegen 0.10/turn               (no ring)

@: berserking, very quick
A: sickness immunity, AC +4, negative energy resistance 1, electricity
resistance, torment resistance 1, petrification resistance
a: Renounce Religion, Berserk, Trog's Hand


You were on level 5 of the Dungeon.
You worshipped Trog.
Trog was pleased with you.
You visited 1 branch of the dungeon, and saw 5 of its levels.

You collected 192 gold pieces.

Inventory:

Hand Weapons
 a - a +0 mace (weapon)
Missiles
 f - 24 stones (quivered)
 k - 5 boomerangs
 q - 5 silver boomerangs
Armour
 b - a +0 ring mail
 t - a +0 leather armour (worn)
 v - a +0 scale mail
 w - a +0 helmet (worn)
 A - a +0 ring mail
Jewellery
 r - a ring of magical power
 B - an amulet of magic regeneration
Wands
 C - a wand of paralysis (6)
Scrolls
 c - a scroll of noise {unknown}
 d - a scroll of brand weapon {unknown}
 e - 4 scrolls of identify {unknown}
 j - a scroll of magic mapping {unknown}
 l - a scroll of amnesia {unknown}
 n - a scroll of butterflies {unknown}
 o - a scroll of blinking {unknown}
 u - a scroll of teleportation {unknown}
 y - a scroll of enchant armour {unknown}
Potions
 g - 3 potions of resistance {unknown}
 h - a potion of cancellation {unknown}
 i - a potion of lignification {unknown}
 m - a potion of curing {unknown}
 p - 3 potions of heal wounds {unknown}
 s - a potion of degeneration {unknown}
 x - a potion of brilliance {unknown}
 z - a potion of attraction {unknown}
 D - a potion of magic {unknown}


   Skills:
 + Level 4.5 Fighting
 + Level 4.5 Maces & Flails
 * Level 3.3 Armour
 + Level 2.5 Dodging
 + Level 0.9 Stealth


You had 5 spell levels left.
You didn't know any spells.
Your spell library was empty.

Dungeon Overview and Level Annotations

Branches:
Dungeon (6/15)
 Temple: D:4-7

Altars:


Innate Abilities, Weirdness & Mutations

You are immune to sickness and miasma.
Your stone body is resilient. (AC +4)
You are immune to poison.
You resist negative energy. (rN+)
You are resistant to electric shocks. (rElec)
You are resistant to unholy torment.
You are immune to petrification.


Message History

The iguana barely misses you.
You closely miss the iguana.
The iguana is heavily wounded.
The iguana completely misses you.
You hit the iguana.
The iguana is heavily wounded.
The iguana bites you!
You hit the iguana.
The iguana is almost dead.
The iguana bites you. The wight misses you.
You closely miss the iguana.
The iguana is almost dead.
The iguana bites you.
The wight hits you with a +2 morningstar.
You closely miss the iguana.
The iguana is almost dead.
The iguana barely misses you. The wight misses you.
You hit the iguana but do no damage.
The iguana is almost dead.
The iguana bites you but does no damage.
The wight hits you with a +2 morningstar.
* * * LOW HITPOINT WARNING * * *
The iguana bites you but does no damage.
The wight completely misses you.
A red film seems to cover your vision as you go berserk!
You feel yourself moving faster!
You feel mighty!
The wight hits you with a +2 morningstar!
* * * LOW HITPOINT WARNING * * *
The iguana bites you.
* * * LOW HITPOINT WARNING * * *
The gnoll bouda shouts!
You hit the iguana.
You kill the iguana!
Trog accepts your kill.
You hear a shout!
You have reached level 6!
You sock the wight!
The wight is severely damaged.
The wight hits you with a +2 morningstar!
You die...

.. ### .##
##>## # ..
#.@.# #. .
#z†......#
#?.##
##......##
#....
##.###.#
..... .#
.# .....
.# g .....
.# .....
.. .....
...#.


You could see a gnoll bouda and a wight.

Vanquished Creatures
  A hound (D:6)
  Terence (D:2)
  An iguana (D:5)
  An orc wizard (D:2)
  5 adders
  An ufetubus (D:6)
  A worm (D:3)
  2 dart slugs (D:3)
  6 orcs
  3 ball pythons
  3 bats
  4 endoplasms
  2 giant cockroaches
  3 hobgoblins
  11 jackals
  2 quokkas
  A frilled lizard (D:2)
  11 goblins
  2 kobolds (D:2)
  5 rats
66 creatures vanquished.

Vanquished Creatures (others)
  A bat (D:3)
1 creature vanquished.

Grand Total: 67 creatures vanquished

Notes
Turn   | Place    | Note
-------+----------+-------------------------------------------
     0 | D:1      | KittyFluff the Gargoyle Berserker began the quest for the
                  | Orb.
     0 | D:1      | Reached XP level 1. HP: 14/14 MP: 1/1
   373 | D:1      | Reached XP level 2. HP: 19/19 MP: 2/2
  1275 | D:2      | Reached XP level 3. HP: 21/24 MP: 3/3
  1283 | D:2      | Reached ** piety under Trog
  1436 | D:2      | Reached XP level 4. HP: 29/29 MP: 4/4
  1632 | D:2      | Noticed Terence
  1657 | D:2      | Killed Terence
  2250 | D:2      | Found a faded altar of an unknown god.
  2358 | D:3      | Reached XP level 5. HP: 29/33 MP: 5/5
  3161 | D:3      | You fall into a shaft and drop 3 floors!
  3240 | D:6      | Noticed an ice beast
  3484 | D:5      | Entered Level 5 of the Dungeon
  3515 | D:5      | Reached XP level 6. HP: 5/39 MP: 6/6
  3515 | D:5      | Slain by a wight

Illustrated notes

Levels and vault maps discovered:
D:1:      lightli_arrival_lavapool, layout_basic, minmay_stone_trees_small
D:2:      layout_loops_corners, hellmonk_ecumenical_altar_slurped_away,
          uniq_terence
D:3:      minmay_bubble_buster, layout_basic, old_standard_altar,
          minmay_misc_feat_encased, hangedman_decor_points, nrook_campfire
D:5:      layout_cave_pools, nicolae_shop_overcharged_wands
D:6:      layout_cave_pods, minmay_temple_entry_nine_rooms

Skill      XL: |  1  2  3  4  5 |
---------------+----------------+-----
Dodging        | 2 |  2.5
Fighting       | 4 |  4.5
Maces & Flails | 4 |  4.5
Armour         | 3 |  3.3
Stealth        | |  0.9

Action                   |  1- 3 |  4- 6 || total
-------------------------+-------+-------++-------
Melee: Mace              |    74 |   178 ||   252
       Punch             |       |     1 ||     1
Invok: Berserk           |       |     2 ||     2
 Stab: Sleeping          |       |     2 ||     2
Armor: Animal skin       |    17 |       ||    17
       Leather armour    |     6 |    75 ||    81
Dodge: Dodged            |    62 |   116 ||   178
